 Dungeon Crawl Stone Soup version 0.17-a0-1636-g3119f2b (webtiles) character file.

1080 karlkraus the Covert (level 8, -2/55 HPs)
             Began as an Octopode Monk on Aug 6, 2015.
             Was a Priest of Ru.
             Slain by an ogre
             ... wielding a +0 giant club
              (12 damage)
             ... on level 5 of the Dungeon.
             The game lasted 00:11:30 (4440 turns).

karlkraus the Covert (Octopode Monk)                Turns: 4440, Time: 00:11:30

Health: -2/55      AC:  1    Str: 12    XL:     8   Next: 29%
Magic:  8/8        EV: 15    Int: 12    God:    Ru [***...]
Gold:   188        SH:  0    Dex: 15    Spells: 0 memorised, 7 levels left

rFire  . . .     SeeInvis +       - Unarmed
rCold  . . .     Clarity  .     (no shield)
rNeg   . . .     SustAt   .     (helmet restricted)
rPois  .         Gourm    .     (no amulet)
rElec  .         Spirit   .     d - ring of stealth
rCorr  .         Warding  .     h - ring of protection from magic
rMut   .         Stasis   .     p - ring of see invisible
MR     +....                    (no ring)
Stlth  +++++++...               (no ring)
                                (no ring)
                                (no ring)
                                (no ring)

@: somewhat resistant to hostile enchantments, extremely stealthy
A: almost no armour, amphibious, 8 rings, constrict 8, camouflage 1, gelatinous
body 1, inability to use devices
a: Draw Out Power, Renounce Religion


You were on level 5 of the Dungeon.
You worshipped Ru.
Ru was most pleased with you.
You were not hungry.

You visited 1 branch of the dungeon, and saw 5 of its levels.

You collected 188 gold pieces.

Inventory:

Missiles
 b - 14 javelins (quivered)
 r - 13 poisoned needles
Jewellery
 d - a ring of stealth (left tentacle)
 h - a ring of protection from magic (right tentacle)
 p - a ring of see invisible (on tentacle)
Scrolls
 e - 2 scrolls of fear
 j - 2 scrolls of identify
 n - a scroll of teleportation
 x - a scroll of amnesia
Potions
 f - 4 potions of lignification {unknown}
 g - 3 potions of mutation {unknown}
 m - a potion of haste {unknown}
 q - a potion of heal wounds {unknown}
 u - a potion of curing
Books
 o - a book of Envenomations

   Spells                             Type                      Level
   a - Spider Form                    Transmutation/Poison         3
   b - Alistair's Intoxication        Transmutation/Poison         4
   c - Olgreb's Toxic Radiance        Poison                       4
   d - Poisonous Cloud                Conjuration/Poison/Air       6
 s - a book of Maledictions

   Spells                             Type                      Level
   a - Corona                         Hexes                        1
   b - Ensorcelled Hibernation        Hexes/Ice                    2
   c - Confuse                        Hexes                        3
   d - Tukima's Dance                 Hexes                        3
   e - Dazzling Spray                 Conjuration/Hexes            3
Comestibles
 a - 4 bread rations
 c - 3 royal jellies
 i - a beef jerky
 k - 2 slices of pizza
 l - 5 meat rations
 v - 4 chunks of flesh


   Skills:
 + Level 5.0 Fighting
 + Level 5.0 Dodging
 + Level 8.7 Stealth
 + Level 6.2 Unarmed Combat


You had 7 spell levels left.
You didn't know any spells.

Dungeon Overview and Level Annotations

Branches:
Dungeon (5/15)
 Temple: D:4-7

Altars:
Cheibriados
Gozag
Makhleb
Nemelex Xobeh
Okawaru
Ru
Sif Muna

Shops:
D:4 [

Annotations:
D:5 Chiseanne's ghost, experienced DsWn


Innate Abilities, Weirdness & Mutations

You cannot wear most types of armour.
You are amphibious.
You can wear up to eight rings at the same time.
You can use your tentacles to constrict eight enemies at once.
Your skin changes colour to match your surroundings (Stealth).
Your rubbery body absorbs attacks (AC +1).
You cannot study or use magical devices.


Message History

* * * LOW HITPOINT WARNING * * *
You are too injured to fight recklessly!
You are too injured to fight recklessly!
You are too injured to fight recklessly!
You are too injured to fight recklessly!
You are too injured to fight recklessly!
You tentacle-slap the ogre.
The ogre is lightly wounded.
You completely miss the ogre. You squeeze the ogre!
The ogre is heavily wounded.
The ogre closely misses you.
You tentacle-slap the ogre. Your squeeze misses the ogre.
The ogre is heavily wounded.
The ogre closely misses you.
You tentacle-slap the ogre. Your squeeze misses the ogre.
The ogre is heavily wounded.
You tentacle-slap the ogre. You squeeze the ogre, but do no damage.
The ogre is heavily wounded.
The ogre hits you with a giant club!
You die...

#... ##... .... ....
###.. #...# ##.O<#
.#$ #..@.### ...
#......### ..
##...#...# .##
#.......########...
####.##.....##..?\.
#.# #.##...P....
#####.###.....♣))P..
#......###...≈≈≈≈...
#......####..÷≈.P...


You could see an ogre.

Vanquished Creatures
  Eustachio (D:4)
  The ghost of Chiseanne the Covered, an average DsWn (D:4)
  A hippogriff (D:5)
  A black bear (D:4)
  An ogre (D:4)
  A scorpion (D:4)
  2 orc priests (D:4)
  A hound (D:4)
  2 orc wizards (D:4)
  An iguana (D:3)
  7 worker ants (D:4)
  7 gnolls
  3 adders
  An ooze (D:4)
  3 orcs (D:4)
  7 bats
  7 giant cockroaches
  9 goblins
  7 hobgoblins
  2 jackals (D:2)
  3 quokkas (D:3)
  2 giant geckos
  6 giant newts
  8 kobolds
  6 rats
90 creatures vanquished.

Vanquished Creatures (others)
  4 toadstools (D:1)
4 creatures vanquished.

Grand Total: 94 creatures vanquished

Notes
Turn   | Place    | Note
--------------------------------------------------------------
     0 | D:1      | karlkraus the Octopode Monk began the quest for the Orb.
     0 | D:1      | Reached XP level 1. HP: 16/16 MP: 1/1
   246 | D:1      | Reached XP level 2. HP: 21/21 MP: 2/2
  1040 | D:1      | Reached XP level 3. HP: 26/26 MP: 3/3
  1048 | D:2      | Found a sparkling altar of Nemelex Xobeh.
  1199 | D:2      | Reached XP level 4. HP: 31/31 MP: 4/4
  1972 | D:3      | Found an opulent altar of Gozag.
  2253 | D:3      | Found a burning altar of Makhleb.
  2253 | D:3      | Found a snail-covered altar of Cheibriados.
  2260 | D:3      | Found an iron altar of Okawaru.
  2260 | D:3      | Found a deep blue altar of Sif Muna.
  2264 | D:3      | Found a sacrificial altar of Ru.
  2274 | D:3      | Became a worshipper of Ru the Awakened
  2275 | D:3      | Gained mutation: You cannot study or use magical devices. [Ru sacrifice]
  2275 | D:3      | Acquired Ru's first power
  2275 | D:3      | Acquired Ru's second power
  2275 | D:3      | Acquired Ru's third power
  2343 | D:3      | Reached XP level 5. HP: 18/36 MP: 5/5
  2518 | D:4      | Noticed Chiseanne's ghost (average DsWn)
  2539 | D:4      | Killed Chiseanne's ghost
  2539 | D:4      | Reached skill level 5 in Stealth
  2539 | D:4      | Reached XP level 6. HP: 23/43 MP: 6/6
  2542 | D:4      | Reached skill level 6 in Stealth
  2542 | D:4      | Reached skill level 5 in Unarmed Combat
  3174 | D:4      | Found Ceorox's Antique Armour Emporium.
  3351 | D:4      | Reached skill level 7 in Stealth
  3351 | D:4      | Reached XP level 7. HP: 31/48 MP: 7/7
  3438 | D:4      | Noticed an ogre
  3447 | D:4      | Killed an ogre
  3757 | D:4      | Reached skill level 8 in Stealth
  4129 | D:4      | Noticed Eustachio
  4136 | D:4      | Killed Eustachio
  4136 | D:4      | Reached XP level 8. HP: 46/54 MP: 8/8
  4141 | D:4      | Noticed a black bear
  4151 | D:4      | Killed a black bear
  4197 | D:5      | Entered Level 5 of the Dungeon
  4215 | D:5      | Noticed Chiseanne's ghost (experienced DsWn)
  4243 | D:5      | Reached skill level 5 in Fighting
  4252 | D:5      | Reached skill level 5 in Dodging
  4440 | D:5      | Slain by an ogre

Vault maps used:
D:1:      ldierk_walled_garden_2
D:2:      nemelex_xobeh_ov_fountains_minmay, st_stairs_6, serial_bayou_lake_a
D:3:      minitemple, overflow_temple_1_default
D:4:      black_bear_nest_1, first_bread, serial_shops, shop, uniq_eustachio
D:5:      minmay_temple_entry_junction, serial_bayou_pond_d, uniq_blork_the_orc

Action                   |  1- 3 |  4- 6 |  7- 9 || total
-------------------------+-------+-------+-------++-------
Melee: Unarmed           |    54 |   115 |    76 ||   245
Invok: Sacrifice Artific |       |     1 |       ||     1
  Use: Scroll            |       |     7 |     3 ||    10
       Potion            |       |     1 |       ||     1
 Stab: Sleeping          |     7 |    13 |     7 ||    27
       Distracted        |       |     1 |       ||     1
       Invisible         |       |     2 |       ||     2
  Eat: Chunk             |     1 |     7 |     3 ||    11
